 Dungeon Crawl Stone Soup version 0.32-a0-834-geaf45d8e21 (webtiles) character file.

Game seed: 16453937185713659409

70470 jasper the Warrior (level 15, -16/129 HPs)
             Began as a Human Fighter on Mar 25, 2024.
             Was a Follower of Ignis.
             Demolished by an azure jelly (35 damage)
             ... on level 2 of the Pits of Slime.
             The game lasted 00:37:34 (20023 turns).

jasper the Warrior (Human Fighter)                 Turns: 20023, Time: 00:37:35

Health: -16/129    AC: 32    Str: 24    XL:     15   Next: 33%
Magic:  15/15      EV: 14    Int:  6    God:    Ignis [*.....]
Gold:   1157       SH:  5    Dex: 19    Spells: 14/14 levels left

rFire   + . .        h - +10 long sword "Concordance" {holy, Str+6}
rCold   . . .        c - +0 buckler
rNeg    + . .        Q - +2 plate armour {rPois}
rPois   +            J - +0 helmet
rElec   .            L - +0 cloak
rCorr   .            p - +2 pair of gloves
SInv    .            T - +2 pair of boots
Will    +....        W - amulet of regeneration Stlth
                     U - +4 ring of protection
HPRegen 1.21/turn    m - ring of positive energy
MPRegen 0.14/turn

%: no passive effects
@: fiery-armoured
A: explore regen, deformed body, dopey 1, screaming 1
a: Renounce Religion, Fiery Armour, Foxfire Swarm, Rising Flame


You were on level 2 of the Pits of Slime.
You worshipped Ignis.
Ignis was aware of your devotion.
You visited 5 branches of the dungeon, and saw 23 of its levels.

You collected 1493 gold pieces.
You spent 336 gold pieces at shops.

Inventory:

Hand Weapons
 b - a +3 heavy great sword
 h - the +10 long sword "Concordance" (weapon) {holy, Str+6}
   (You found it on level 5 of the Lair of Beasts)

   Str+6:     It affects your strength (+6).
 X - a +1 scimitar of flaming
Missiles
 e - 10 silver javelins
 k - 12 javelins
 n - 93 poisoned darts
 r - 32 boomerangs (quivered)
 C - 2 throwing nets
 R - 2 curare-tipped darts
Armour
 c - a +0 buckler (worn)
 p - a +2 pair of gloves (worn)
 E - the +0 pair of boots of Optuden {rN+}
   (You bought it in a shop on level 1 of the Orcish Mines)

   rN+:       It protects you from negative energy.
 J - a +0 helmet (worn)
 L - a +0 cloak (worn)
 Q - a +2 plate armour of poison resistance (worn)
 T - a +2 pair of boots (worn)
Jewellery
 i - a ring of flight
 m - a ring of positive energy (right hand)
 q - an amulet of guardian spirit
 t - an amulet of reflection
 U - a +4 ring of protection (left hand)
 W - an amulet of regeneration (around neck)
Wands
 j - a wand of roots (24)
 l - a wand of digging (1)
 N - a wand of mindburst (15)
 S - a wand of acid (5)
 V - a wand of paralysis (4)
Scrolls
 a - a scroll of immolation
 o - 4 scrolls of identify
 u - 2 scrolls of torment
 v - 5 scrolls of teleportation
 z - a scroll of revelation
 D - a scroll of enchant weapon
 F - a scroll of fear
 I - 2 scrolls of noise
 K - 3 scrolls of blinking
 P - 2 scrolls of vulnerability
 Y - 3 scrolls of fog
Potions
 d - 2 potions of mutation
 f - 3 potions of curing
 g - a potion of enlightenment
 s - 2 potions of cancellation
 w - a potion of might
 x - a potion of ambrosia
 A - 2 potions of haste
 B - 4 potions of magic
 H - 3 potions of attraction
 M - a potion of lignification
 O - a potion of resistance
Miscellaneous
 G - a box of beasts
 Z - a tin of tremorstones (1/2)


   Skills:
 + Level 15.3 Fighting
 - Level 14.0 Long Blades
 - Level 10.0 Armour
 + Level 14.9 Dodging
 - Level 3.0 Shields


You had 14 spell levels left.
You didn't know any spells.
Your spell library contained the following spells:

 Spells                   Type           Power      Damage    Failure   Level
 Magic Dart               Conj           0%         1d3       100%        1
 Call Imp                 Summ           0%         N/A       100%        2
 Ensorcelled Hibernation  Hex/Ice        0%         N/A       100%        2
 Searing Ray              Conj           0%         2d4       100%        2
 Sublimation of Blood     Necr           0%         N/A       100%        2
 Frozen Ramparts          Ice            0%         1d1       100%        3
 Fugue of the Fallen      Necr           0%         N/A       100%        3
 Inner Flame              Hex/Fire       0%         N/A       100%        3
 Ozocubu's Armour         Ice            0%         N/A       100%        3
 Passwall                 Erth           0%         N/A       100%        3
 Swiftness                Air            0%         N/A       100%        3
 Volatile Blastmotes      Fire/Tloc      0%         2d10      100%        3
 Flame Wave               Conj/Fire      0%         2d4       100%        4
 Fulminant Prism          Conj/Alch      0%         3d5       100%        4
 Manifold Assault         Tloc           0%         N/A       100%        4
 Sticky Flame             Fire/Alch      0%         2d4       100%        4
 Vhi's Electric Charge    Tloc/Air       0%         N/A       100%        4
 Arcjolt                  Conj/Air       0%         1d10      100%        5
 Irradiate                Conj/Alch      0%         3d11      100%        5
 Metabolic Englaciation   Hex/Ice        0%         N/A       100%        5
 Bombard                  Conj/Erth      0%         9d1       100%        6
 Plasma Beam              Fire/Air       0%         2x1d10    100%        6
 Summon Hydra             Summ           0%         N/A       100%        7
 Ignition                 Fire           0%         3d3       100%        8


Dungeon Overview and Level Annotations

Branches:
Dungeon (12/15)            Temple (1/1) D:5            Lair (5/5) D:8
  Swamp (0/4) Lair:2       Spider (0/4) Lair:3        Slime (3/5) Lair:4
    Orc (2/2) D:11            Elf (0/3) Orc:2

Altars:
Ashenzari
Cheibriados
Dithmenos
Elyvilon
Fedhas
Gozag
Hepliaklqana
Kikubaaqudgha
Makhleb
Nemelex Xobeh
Okawaru
Qazlal
Ru
Sif Muna
Trog
Uskayaw
Vehumet
Wu Jian
Xom
Yredelemnul
Zin
The Shining One
Beogh
Ignis

Shops:
Orc:1 [   Orc:2 :(:=

Annotations:
D:1 1 transporter
D:2 1 runed translucent door, Crazy Yiuf
Lair:4 3 runed translucent doors, adelrune's ghost, journeyman DECj


Innate Abilities, Weirdness & Mutations

You regain HP and MP as you explore.
Armour fits poorly on your strangely shaped body.
You are dopey. (Int -2)
You occasionally shout uncontrollably at your foes.


Message History

The slime creature is lightly wounded.
The azure jelly hits you. The azure jelly freezes you!!
The azure jelly is burned by your cloak of flames.
The azure jelly is burned terribly!
The azure jelly is severely wounded.
The azure jelly closely misses you.
The azure jelly hits you but does no damage.
The azure jelly is burned by your cloak of flames.
The azure jelly is burned terribly!
The azure jelly is severely wounded.
The azure jelly hits you but does no damage.
The azure jelly is burned by your cloak of flames.
The azure jelly is burned terribly!
The azure jelly is severely wounded.
The slime creature hits you but does no damage.
The slime creature is burned by your cloak of flames.
The slime creature is severely wounded.
The slime creature hits you but does no damage.
The slime creature is burned by your cloak of flames.
The slime creature is moderately wounded.
You take 22 damage, and have 49/129 hp.
You slice the slime creature!!
You kill the slime creature!
The azure jelly barely misses you. You block the azure jelly's attack. x2
The azure jelly closely misses you. The slime creature misses you.
The slime creature hits you but does no damage.
The slime creature is burned by your cloak of flames.
The slime creature is moderately wounded.
You closely miss the azure jelly.
The azure jelly is severely wounded.
The azure jelly hits you. The azure jelly freezes you!!
* * * LOW HITPOINT WARNING * * *
The azure jelly is burned by your cloak of flames.
The azure jelly is burned terribly!
The azure jelly is severely wounded.
The azure jelly hits you.
* * * LOW HITPOINT WARNING * * *
The azure jelly freezes you!!
You die...
Ignis goes out, and joins you in death.

.........#....
.........#....
....#....#...
..........#. ..
...........# ...
...........#....
.........J..#...
........@J......
.......J........
..............##
................
..........#.....
.........#......
........##......
......... ......
.##...... ...


You could see an azure jelly and 2 slime creatures.

Vanquished Creatures
  An azure jelly (Lair:4)
  3 orc warlords
  Fannar (Lair:1)
  5 hydras
  A catoblepas (Lair:5)
  A boulder beetle (Lair:4)
  Erica (D:10)
  4 two-headed ogres
  A deep troll shaman (Lair:5)
  4 death yaks (Lair:5)
  A demonic crawler (Lair:3)
  5 orc high priests (Orc:2)
  An obsidian bat (Orc:2)
  A lindwurm (Lair:4)
  5 orc knights (Orc:2)
  5 orc sorcerers
  A shining eye (Slime:2)
  20 elephants
  A centaur zombie (D:10)
  4 kobold blastminers
  4 black mambas
  2 kobold demonologists
  A rime drake (Lair:3)
  Maggie (D:10)
  7 cane toads
  3 centaur skeletons (D:10)
  14 komodo dragons
  Psyche (D:9)
  2 hellwings (D:10)
  5 polar bears
  4 trolls (Orc:2)
  2 tyrant leeches
  4 blink frogs (Lair:1)
  Sigmund (D:6)
  A slime creature (Slime:2)
  2 shadows (D:10)
  2 wraiths
  37 yaks
  5 wyverns
  6 wargs
  5 basilisks
  2 steam dragons
  5 vampire mosquitoes (D:11)
  Edmund (D:5)
  4 swamp worms
  An acid dragon (D:8)
  34 water moccasins
  49 orc warriors
  2 hornet zombies (D:10)
  2 ice beasts
  26 wolves
  A black bear (Lair:5)
  9 ogres (Orc:2)
  4 centaurs
  A phantom (D:6)
  12 bullfrogs
  13 kobold brigands
  3 scorpions
  13 wights
  7 killer bees (D:7)
  4 howler monkeys
  2 electric eels
  A wyvern simulacrum (D:9)
  27 orc priests
  8 hounds
  9 jellies
  A gnoll bouda (D:6)
  2 sleepcaps
  18 orc wizards
  A centaur simulacrum (D:9)
  6 gnolls
  A river rat (D:6)
  13 adders
  3 shadow imps (D:10)
  3 white imps (D:9)
  4 ufetubi
  4 ribbon worms
  A dart slug (D:3)
  99 orcs
  8 ball pythons
  9 endoplasms
  7 giant cockroaches
  4 hobgoblins
  6 jackals
  A quokka (D:2)
  4 bats
  5 frilled lizards
  A goblin (D:2)
  30 kobolds
  7 rats
653 creatures vanquished.

Vanquished Creatures (others)
  2 white imps (D:9)
2 creatures vanquished.

Grand Total: 655 creatures vanquished

Notes
Turn   | Place    | Note
-------+----------+-------------------------------------------
     0 | D:1      | jasper the Human Fighter began the quest for the Orb.
     0 | D:1      | Reached XP level 1. HP: 18/18 MP: 1/1
    32 | D:1      | Reached XP level 2. HP: 22/24 MP: 2/2
   217 | D:1      | Reached XP level 3. HP: 26/29 MP: 3/3
   880 | D:2      | Found a runed translucent door.
   881 | D:2      | Noticed Crazy Yiuf
  1621 | D:3      | Reached XP level 4. HP: 35/35 MP: 4/4
  1887 | D:3      | Reached skill level 5 in Long Blades
  1887 | D:3      | Reached XP level 5. HP: 41/41 MP: 5/5
  1929 | D:3      | Found a faded altar of an unknown god.
  1953 | D:3      | Prayed at the altar of an unknown god.
  1953 | D:3      | Became a worshipper of Ignis, the Dying Flame
  2513 | D:4      | You are sucked into a shaft and drop 2 floors!
  2513 | D:6      | Found a burning altar of Makhleb.
  2513 | D:6      | Found a white marble altar of Elyvilon.
  2513 | D:6      | Found a basalt altar of Yredelemnul.
  2555 | D:6      | Reached XP level 6. HP: 27/47 MP: 6/6
  2914 | D:6      | Noticed an orc warrior
  2931 | D:6      | Killed an orc warrior
  2932 | D:6      | Reached XP level 7. HP: 32/52 MP: 7/7
  3112 | D:6      | Noticed Sigmund
  3125 | D:6      | Killed Sigmund
  3240 | D:6      | Found a glowing drain.
  3272 | D:6      | Reached XP level 8. HP: 48/58 MP: 8/8
  3755 | D:6      | Identified the +1 orcbow "Bant" {freeze, Fly rF+++ Str-2
                  | Stlth+}
  3867 | D:5      | Entered Level 5 of the Dungeon
  3947 | D:5      | Noticed Edmund
  3962 | D:5      | Reached skill level 10 in Long Blades
  3984 | D:5      | Killed Edmund
  4212 | D:5      | Found a staircase to the Ecumenical Temple.
  4237 | Temple   | Entered the Ecumenical Temple
  4874 | D:4      | Identified the +2 leather armour "Gueng" {*Corrode rPois
                  | Int+6 Stlth+}
  4932 | D:4      | Found a sparkling altar of Nemelex Xobeh.
  4950 | D:4      | Reached XP level 9. HP: 56/63 MP: 9/9
  6911 | D:8      | Found a staircase to the Lair.
  7462 | D:9      | Found a snail-covered altar of Cheibriados.
  7501 | D:9      | Noticed a polar bear
  7524 | D:9      | Killed a polar bear
  7525 | D:9      | Reached XP level 10. HP: 37/70 MP: 10/10
  7841 | D:9      | Reached skill level 1 in Dodging
  7987 | D:9      | HP: 2/70 [wight/+5 halberd (10)]
  8217 | D:9      | Reached skill level 4 in Fighting
  8538 | D:9      | Noticed a kobold demonologist
  8563 | D:9      | Killed a kobold demonologist
  8606 | D:9      | Reached skill level 5 in Fighting
  8620 | D:9      | Reached skill level 5 in Armour
  9055 | D:10     | Entered Level 10 of the Dungeon
  9215 | D:10     | Noticed a kobold demonologist
  9240 | D:10     | Killed a kobold demonologist
  9241 | D:10     | Reached XP level 11. HP: 59/81 MP: 11/11
  9371 | D:10     | Noticed Erica
  9382 | D:10     | Killed Erica
  9383 | D:10     | Reached skill level 6 in Fighting
  9383 | D:10     | Reached skill level 5 in Dodging
  9609 | D:10     | Noticed Maggie
  9808 | D:10     | Noticed Psyche
  9829 | D:10     | Reached skill level 7 in Fighting
  9839 | D:9      | Killed Psyche
  9999 | D:10     | Killed Maggie
 10376 | D:11     | Found a staircase to the Orcish Mines.
 10815 | Lair:1   | Entered Level 1 of the Lair of Beasts
 10857 | Lair:1   | Reached skill level 8 in Fighting
 10868 | Lair:1   | Reached XP level 12. HP: 60/93 MP: 12/12
 11019 | Lair:1   | Noticed Fannar
 11055 | Lair:1   | Killed Fannar
 11238 | Lair:1   | Found the +8 whip "Snakebite" {venom, curare, rPois}
 11396 | Lair:1   | Reached skill level 9 in Fighting
 12301 | Lair:2   | Reached skill level 10 in Fighting
 12395 | Lair:2   | Reached skill level 10 in Armour
 12401 | Lair:2   | Reached XP level 13. HP: 98/103 MP: 13/13
 12475 | Lair:2   | Found a staircase to the Swamp.
 12784 | Lair:2   | Reached skill level 10 in Dodging
 13232 | Lair:3   | Reached skill level 11 in Fighting
 13417 | Lair:3   | Found a hole to the Spider Nest.
 14328 | Lair:4   | Found a staircase to the Slime Pits.
 14360 | Lair:4   | Reached skill level 12 in Fighting
 14461 | Lair:4   | You fall into a shaft and drop 1 floor!
 14461 | Lair:5   | Entered Level 5 of the Lair of Beasts
 14726 | Lair:4   | Found a runed translucent gate.
 14726 | Lair:4   | Found a runed translucent gate.
 14726 | Lair:4   | Found a runed translucent gate.
 14728 | Lair:4   | Noticed adelrune's ghost (journeyman DECj)
 14822 | Lair:4   | Noticed Nessos
 14824 | Lair:4   | Nessos changed into Nessos the lindwurm
 14824 | Lair:4   | Noticed Nessos
 14831 | Lair:4   | Killed Nessos the lindwurm
 15415 | Lair:5   | Reached XP level 14. HP: 116/116 MP: 14/14
 15646 | Lair:5   | Reached skill level 13 in Fighting
 16082 | Lair:5   | Identified the +10 long sword "Concordance" {holy, Str+6}
 16678 | Orc:1    | Entered Level 1 of the Orcish Mines
 16773 | Orc:2    | Entered Level 2 of the Orcish Mines
 17370 | Orc:2    | Reached skill level 14 in Fighting
 17498 | Orc:2    | Found a staircase to the Elven Halls.
 17654 | Orc:2    | Noticed an orc warlord
 17666 | Orc:2    | Killed an orc warlord
 17714 | Orc:2    | Identified the dragon-blood talisman of Conscience {rElec
                  | rF+ rCorr}
 17796 | Orc:2    | Noticed an orc warlord
 17849 | Orc:2    | Killed an orc warlord
 18044 | Orc:2    | Found a roughly hewn altar of Beogh.
 18084 | Orc:2    | Found Wuapniax's Book Boutique.
 18110 | Orc:2    | Found Niejiot's Antique Weapon Shop.
 18357 | Orc:2    | Reached XP level 15. HP: 123/127 MP: 15/15
 18588 | Orc:2    | Found Lijel's Jewellery Boutique.
 18651 | Orc:2    | Found a roughly hewn altar of Beogh.
 18673 | Orc:2    | Found Isosyrit's Book Shop.
 18698 | Orc:2    | Reached skill level 15 in Fighting
 19041 | Orc:1    | Noticed an orc warlord
 19093 | Orc:1    | Killed an orc warlord
 19241 | Orc:1    | Found Diledip's Antique Armour Emporium.
 19245 | Orc:1    | Found a burning altar of Makhleb.
 19251 | Orc:1    | Bought a pair of polished boots for 228 gold pieces
 19251 | Orc:1    | Identified the +0 pair of boots of Optuden {rN+} (You
                  | bought it in a shop on level 1 of the Orcish Mines)
 19258 | Orc:1    | Bought a helmet for 108 gold pieces
 19949 | Slime:1  | Entered Level 1 of the Pits of Slime
 19955 | Slime:1  | Noticed an azure jelly
 19972 | Lair:4   | Killed an azure jelly
 19994 | Slime:3  | Noticed an acid blob
 20011 | Slime:3  | Noticed an azure jelly
 20011 | Slime:3  | Gained mutation: You occasionally shout uncontrollably at
                  | your foes. [a shining eye]
 20012 | Slime:3  | Noticed an azure jelly
 20016 | Slime:2  | Gained mutation: Armour fits poorly on your strangely
                  | shaped body. [a shining eye]
 20018 | Slime:2  | Gained mutation: You are dopey. (Int -2) [a shining eye]
 20023 | Slime:2  | Demolished by an azure jelly

Illustrated notes

Levels and vault maps discovered:
D:1:      spicycebolla_arrival_transporter_tutorial, layout_rooms,
          serial_rivers, chequers_serial_rivers_small_b,
          chequers_serial_rivers_small_b, chequers_serial_rivers_micro_b,
          chequers_serial_rivers_small_a
D:2:      layout_basic, st_stairs_3, amcnicky_mini_rare_corridor_liquid,
          uniq_crazy_yiuf_cottage
D:3:      layout_loops_ring, hellmonk_ecumenical_altar_run_dry,
          chequers_hall_statues_wall_a
D:4:      layout_cave_pools, mainiacjoe_overflow_alcove_2
D:5:      layout_rooms, minmay_temple_entry_junction,
          chequers_serial_rivers_micro_b, uniq_edmund
D:6:      layout_basic, minitemple, cheibrodos_sewer_entry_sluice,
          nicolae_nh_ransacked_shop, uniq_sigmund
D:7:      layout_cave_pools, eino_jars
D:8:      layout_loops_corners, dpeg_oklobed_lair
D:9:      layout_loops_ring, slow_altar_1, serial_ice, serial_ice_o,
          serial_ice_c, serial_ice_f, serial_ice_i, special_room
          [special_room_kobold]
D:10:     cheibrodos_grave_circle, layout_loops_ring, chequers_jeans,
          uniq_maggie, uniq_erica, uniq_psyche
D:11:     layout_cave_pools, orc_0_dummy
D:12:     layout_roguey
Temple:   minmay_temple_bridge_d
Lair:1:   minmay_guarded_unrand_snakebite, layout_chaotic_city,
          grunt_megastairs_1, uniq_fannar
Lair:2:   layout_roguey, minmay_swamp_entry_worms
Lair:3:   layout_roguey, spider_nest_entry_web_field,
          chequers_serial_rivers_small_b, chequers_serial_rivers_small_b,
          serial_bayou_shore_a
Lair:4:   layout_small_grid, nicolae_slime_entry_field_trip,
          gammafunk_ghost_split, worms_lemuel, lemuel_fruit_tree, uniq_nessos
Lair:5:   grunt_lair_end_beastmaster, layout_cave_pods,
          nicolae_quartered_pool_little, st_stairs_6
Slime:1:  layout_caves
Slime:2:  layout_caves, nicolae_slime_phagocytosis
Slime:3:  layout_caves
Orc:1:    layout_diamond_mine, basic_altar, serial_shops, shop
Orc:2:    pubby_orc_utopia

Skill      XL: |  1  2  3  4  5  6  7  8  9 10 11 12 13 14 15 |
---------------+----------------------------------------------+-----
Long Blades    | 3 4 5 6 7 9 11 13 14 | 14.0
Dodging        | 4 7 9 12 14 | 14.9
Fighting       | 5 8 10 12 14 15 | 15.3
Armour         | 5 8 10 | 10.0
Shields        | |  3.0

Action                     |  1- 3 |  4- 6 |  7- 9 | 10-12 | 13-15 || total
---------------------------+-------+-------+-------+-------+-------++-------
  Melee: Long sword        |    99 |    67 |    32 |   255 |   792 ||  1245
         Falchion          |       |    58 |   322 |     4 |       ||   384
         Scimitar          |       |       |       |   574 |   784 ||  1358
  Throw: Stone             |     1 |       |       |       |       ||     1
         Boomerang         |       |     9 |     2 |    12 |     6 ||    29
         Dart              |       |       |     3 |       |       ||     3
 Invoke: Fiery Armour      |       |       |     1 |     4 |     6 ||    11
  Evoke: Wand              |       |       |     2 |    11 |     5 ||    18
         Tin of tremorston |       |       |       |     2 |     2 ||     4
    Use: Potion            |       |     2 |     2 |     2 |     3 ||     9
         Scroll            |       |     8 |     8 |     7 |     6 ||    29
   Stab: Held in net/web   |       |       |     2 |       |       ||     2
         Sleeping          |       |       |     1 |     1 |     1 ||     3
 Armour: Scale mail        |    66 |    76 |   123 |       |       ||   265
         Skin              |       |    12 |     1 |       |       ||    13
         Leather armour    |       |       |    48 |       |       ||    48
         Acid dragon scale |       |       |    60 |   473 |   608 ||  1141
         Plate armour      |       |       |       |       |   375 ||   375
  Dodge: Dodged            |    43 |    26 |   114 |   355 |  1001 ||  1539
  Block: Buckler           |    27 |    28 |   135 |   231 |   348 ||   769
         Reflection        |       |       |     5 |     3 |       ||     8

Table legend: (Time is in decaauts)
 A = Elapsed time spent in this place.
 B = Non-inter-level travel time spent in this place.
 C = Inter-level travel time spent in this place.
 D = Time resting spent in this place.
 E = Time spent auto-exploring this place.
 F = Levels seen in this place.
 G = Mean time per level.
                   A        B        C        D        E       F      G
               +--------+--------+--------+--------+--------+-----+--------+
         Total |  19422 |  18399 |   1023 |   1320 |  11813 |  23 |  844.4 |
       Dungeon |  11124 |  10452 |    672 |   1152 |   6970 |  12 |  927.0 |
        Temple |      1 |      1 |      0 |      0 |      0 |   1 |    1.0 |
          Lair |   5550 |   5290 |    260 |    103 |   3336 |   5 | 1110.0 |
    Slime Pits |     61 |     61 |      0 |     13 |      0 |   3 |   20.3 |
  Orcish Mines |   2683 |   2595 |     88 |     52 |   1507 |   2 | 1341.5 |
               +--------+--------+--------+--------+--------+-----+--------+

Top non-repeatable levels by time:
   Orc:2: 2072 daAuts
     D:9: 1728 daAuts
     D:6: 1650 daAuts
  Lair:5: 1475 daAuts
     D:8: 1403 daAuts
  Lair:1: 1286 daAuts
     D:2: 1166 daAuts
    D:10: 1044 daAuts
  Lair:4: 980 daAuts
  Lair:2: 942 daAuts
  Lair:3: 866 daAuts
     D:7: 847 daAuts
     D:3: 844 daAuts
   Orc:1: 611 daAuts
    D:11: 586 daAuts
